AoeStats
← DarkSaintOfWar

Arena

509280032Analyzed
4v4 RM · 6d ago on Sep 26, 2026· 66m 33s· 8 players
Game mode
Random Map
Map size
Large (8 player)
Population
200
Speed
Normal
Resources
Standard
Victory
Conquest
Starting age
Dark Age
Ending age
Imperial Age
RankedLock teamsTeams togetherTeam positionsShared explorationLock speedFull tech treeHidden civsTurbo modeCheats
Victory
Defeat
🇲🇽 Franks · Mexico
840
+8
🇲🇽 Teutons · Mexico
674
+14
🇺🇸 Varangians · United States
636
+16
🇲🇽 Magyars · Mexico
566
+18
🇨🇳 Saracens · China
697
-17
🇵🇪 Poles · Peru
638
-14
🇦🇷 Lithuanians · Argentina
628
-14
🇨🇳 Sicilians · China
571
-11
DarkSaintOfWar
15:36 Feudal Age
18:31 Wheelbarrow
17:41 Horse Collar
17:52 Double-Bit Axe
18:01 Gold Mining
18:04 Stone Mining
21:36 Scale Barding Armor
22:28 Arson
23:00 Forging
27:50 Castle Age
30:45 Squires
31:10 Chain Barding Armor
30:52 Scale Mail Armor
31:35 Hand Cart
33:06 Masonry
32:39 Treadmill Crane
33:11 Fortified Wall
34:03 Iron Casting
35:12 Caravan
35:57 Ballistics
36:11 Chain Mail Armor
38:50 Stone Shaft Mining
38:19 Heavy Plow
38:33 Bow Saw
38:25 Fletching
41:41 Bodkin Arrow
47:06 Imperial Age
47:45 Gothikon
48:47 Conscription
49:35 Blast Furnace
49:18 Elite Jarl
50:47 Crop Rotation
50:31 Elite Varangian Guard
52:54 Plate Mail Armor
53:02 Plate Barding Armor
53:42 Husbandry
53:53 Bloodlines
54:34 Plate Barding Armor
57:01 Bracer
59:21 Siege Engineers
61:46 Chemistry
Taquito
11:08 Feudal Age
13:47 Forging
15:39 Castle Age
13:33 Double-Bit Axe
17:47 Loom
18:41 Wheelbarrow
29:22 Iron Casting
28:47 Scale Mail Armor
29:22 Bow Saw
28:57 Horse Collar
29:07 Gambesons
30:40 Man-at-Arms
34:26 Imperial Age
32:27 Gold Mining
33:08 Long Swordsman
34:05 Scale Mail Armor
35:15 Chain Mail Armor
34:43 Two-Handed Swordsman
36:11 Redemption
36:06 Devotion
36:02 Champion
40:28 Plate Mail Armor
40:07 Heavy Plow
41:49 Arson
42:05 Squires
42:13 Stone Mining
43:47 Conscription
48:01 Elite Teutonic Knight
48:47 Padded Archer Armor
DarkOmega93
0:43 Loom
10:41 Feudal Age
14:39 Castle Age
13:02 Double-Bit Axe
26:33 Stone Mining
26:34 Gold Mining
26:58 Bow Saw
28:12 Fortified Wall
28:41 Murder Holes
29:07 Ballistics
28:59 Forging
30:21 Scale Barding Armor
30:07 Fletching
30:53 Iron Casting
30:20 Treadmill Crane
30:51 Masonry
31:27 Wheelbarrow
30:39 Town Watch
32:13 Husbandry
34:53 Imperial Age
33:38 Chain Barding Armor
33:14 Bodkin Arrow
33:37 Hand Cart
35:58 Conscription
35:40 Chivalry
35:03 Cavalier
36:00 Caravan
36:16 Paladin
41:47 Chemistry
42:20 Light Cavalry
45:56 Plate Barding Armor
46:22 Blast Furnace
hiuch
3:50 Loom
12:19 Feudal Age
17:38 Castle Age
17:35 Double-Bit Axe
23:46 Horse Collar
25:39 Bow Saw
28:04 Bloodlines
29:21 Heavy Plow
30:26 Wheelbarrow
31:00 Corvinian Army
35:13 Scale Barding Armor
43:50 Imperial Age
41:38 Hand Cart
43:24 Chain Barding Armor
47:21 Heavy Cavalry Archer
48:34 Capped Ram
55:32 Recurve Bow
62:43 Gold Mining
MAHORAGA
12:57 Feudal Age
13:22 Horse Collar
14:39 Double-Bit Axe
20:07 Castle Age
19:53 Loom
20:43 Wheelbarrow
19:53 Town Watch
21:45 Bow Saw
21:38 Heavy Plow
21:40 Gold Mining
21:45 Stone Mining
21:24 Man-at-Arms
32:45 Imperial Age
31:22 Stone Shaft Mining
33:03 Elite Obuch
37:25 Long Swordsman
38:08 Squires
37:54 Arson
38:31 Light Cavalry
39:23 Bloodlines
39:15 Husbandry
41:47 Scale Mail Armor
41:57 Forging
41:53 Scale Barding Armor
42:01 Winged Hussar
45:20 Chain Mail Armor
47:06 Iron Casting
47:02 Plate Mail Armor
49:48 Blast Furnace
50:03 Pikeman
51:57 Two-Handed Swordsman
$$El TinkiWinki$$
7:22 Loom
9:38 Feudal Age
11:03 Double-Bit Axe
16:40 Castle Age
15:33 Town Watch
17:00 Town Watch
19:10 Horse Collar
25:46 Forging
25:41 Scale Barding Armor
25:49 Heavy Plow
26:02 Bow Saw
28:12 Wheelbarrow
30:50 Caravan
34:41 Imperial Age
34:15 Redemption
36:07 Pikeman
36:47 Squires
36:33 Arson
37:24 Iron Casting
36:49 Scale Mail Armor
37:58 Two-Man Saw
38:12 Halberdier
湛叔
2:18 Loom
12:14 Feudal Age
12:49 Horse Collar
12:55 Double-Bit Axe
15:27 Wheelbarrow
14:46 Stone Mining
14:46 Gold Mining
25:49 Castle Age
27:53 Hand Cart
28:16 Gold Shaft Mining
28:16 Stone Shaft Mining
27:53 Bow Saw
27:45 Heavy Plow
29:24 Scale Barding Armor
29:29 Forging
29:19 Scale Mail Armor
28:58 Pikeman
29:39 Squires
29:27 Arson
29:58 Bloodlines
29:49 Husbandry
29:16 Light Cavalry
34:06 Iron Casting
33:51 Chain Barding Armor
33:46 Chain Mail Armor
39:20 Imperial Age
39:59 Elite Serjeant
41:14 Elite Serjeant
41:17 Halberdier
42:30 Cavalier
45:20 Conscription
46:06 Blast Furnace
45:36 Plate Mail Armor
46:02 Plate Mail Armor
46:06 Crop Rotation
47:20 Hauberk
47:44 Masonry
47:48 Siege Engineers
47:40 Murder Holes
48:28 Ballistics
51:30 Hoardings
58:30 Plate Barding Armor
57:34 Capped Ram
61:13 Siege Ram
LLHKHAIHDIUA
9:57 Feudal Age
10:21 Loom
11:13 Double-Bit Axe
17:32 Castle Age
15:35 Horse Collar
18:37 Wheelbarrow
20:20 Bow Saw
20:57 Wheelbarrow
30:12 Imperial Age
27:42 Gold Mining
28:19 Hand Cart
29:28 Gold Shaft Mining
28:48 Town Watch
28:58 Stone Mining
29:10 Heavy Plow
29:35 Forging
31:03 Fortified Wall
31:18 Scale Barding Armor
32:43 Two-Man Saw
31:54 Town Patrol
31:24 Elite Skirmisher
33:54 Chemistry
33:58 Iron Casting
33:14 Fletching
34:20 Conscription
34:54 Padded Archer Armor
34:49 Bodkin Arrow
35:57 Blast Furnace
35:18 Chain Barding Armor
35:41 Counterweights
36:02 Ballistics
35:24 Elite Mameluke
36:19 Murder Holes
37:07 Bracer
37:23 Leather Archer Armor
37:18 Caravan
37:34 Bimaristan
40:02 Ring Archer Armor
40:09 Plate Barding Armor
56:18 Scale Mail Armor
56:36 Bloodlines
56:26 Husbandry
56:25 Man-at-Arms
56:51 Gambesons
56:52 Arson
57:09 Squires
57:25 Long Swordsman
58:15 Two-Handed Swordsman
59:23 Champion
Connection lost

Rejoining the realm…

Still unreachable

The connection could not be restored.

Session expired

The server has moved on; the page needs a fresh start.